 Dungeon Crawl Stone Soup version 0.20-a0-959-gdc9e609 (webtiles) character file.

172 Alarkh the Chopper (level 5, -1/40 HPs)
             Began as a Demonspawn Skald on Apr 6, 2017.
             Slain by a worker ant (2 damage)
             ... on level 4 of the Dungeon.
             The game lasted 00:02:16 (2483 turns).

Alarkh the Chopper (Demonspawn Skald)               Turns: 2483, Time: 00:02:17

Health: -1/40      AC:  3    Str: 11    XL:     5   Next: 27%
Magic:  0/8        EV: 18    Int: 15    God:
Gold:   98         SH:  0    Dex: 22    Spells: 7/8 levels left

rFire    + . .     SeeInvis .   f - +0 war axe
rCold    + . .     Gourm    .   (no shield)
rNeg     . . .     Faith    .   b - +0 leather armour
rPois    +         Spirit   .   (no helmet)
rElec    +         Reflect  .   (no cloak)
rCorr    +         Harm     .   (no gloves)
MR       .....     Rnd*Tele +   (no boots)
Stlth    +++++.....             (no amulet)
Regen    0.2/turn               e - ring of teleportation (curse)
MPRegen  0.2/turn               (no ring)

@: agile, lethally poisoned (-1 -> -10), resistant
A: agile 2, nightstalker 2, rot immunity
a: no special abilities


You were on level 4 of the Dungeon.
You were not hungry.

You visited 1 branch of the dungeon, and saw 4 of its levels.

You collected 98 gold pieces.

Inventory:

Hand Weapons
 a - a +0 hand axe
 f - a +0 war axe (weapon)
Armour
 b - a +0 leather armour (worn)
Jewellery
 e - a cursed ring of teleportation (left hand)
Scrolls
 l - 3 scrolls of identify {unknown}
 m - a scroll of remove curse {unknown}
 o - a scroll of noise {unknown}
Books
 c - a book of Battle

   Spells                             Type                      Level
   a - Infusion                       Charms                       1
   b - Shroud of Golubria             Charms/Translocation         2
   c - Song of Slaying                Charms                       2
   d - Spectral Weapon                Hexes/Charms                 3
   e - Regeneration                   Charms/Necromancy            3
Comestibles
 d - 5 bread rations
 h - a meat ration


   Skills:
 + Level 2.8 Fighting
 * Level 3.6 Axes
 + Level 2.0 Armour
 + Level 2.7 Dodging
 - Level 2.0 Spellcasting
 - Level 2.6 Charms


You had 7 spell levels left.
You knew the following spells:

 Your Spells              Type           Power        Failure   Level  Hunger
a - Infusion              Chrm           #...         12%         1    #......


Dungeon Overview and Level Annotations

Branches:
Dungeon (4/15)
 Temple: D:4-7

Altars:
Xom

Annotations:
D:3 Sigmund


Innate Abilities, Weirdness & Mutations

You are significantly more attuned to the shadows.
You are immune to rotting.
You are very agile. (Dex +4)


Message History

The orc wizard miscasts a cantrip.
The worker ant bites you!
* * * LOW HITPOINT WARNING * * *
You are lethally poisoned!
The worker ant poisons you!
Unknown command.
It was a potion of mutation.
You feel extremely strange.
You feel agile. x2
You are no longer magically infusing your attacks.
* * * LOW HITPOINT WARNING * * *
You feel sick.
The orc wizard hits you but does no damage.
The worker ant bites you.
* * * LOW HITPOINT WARNING * * *
The worker ant bites you but does no damage.
The orc wizard casts a spell at you. The magic dart hits you!
* * * LOW HITPOINT WARNING * * *
The worker ant bites you.
You die...

≈≈≈⌠.....$#
≈≈§≈≈......#
.....≈≈≈≈≈§......#
.....≈≈≈≈≈≈......#
.....≈≈≈§§§......#
.....§§§≈≈⌠......#
.....oa§.........#
.....)@.........##
#....a)........##
##.....(......##
##..........##
##.......(##
####++####


You could see 2 worker ants and an orc wizard.

Vanquished Creatures
  An orc priest (D:4)
  An orc wizard (D:3)
  4 adders
  An ooze (D:1)
  2 worms (D:2)
  3 dart slugs
  6 orcs
  2 ball pythons
  3 giant cockroaches
  6 hobgoblins
  5 jackals
  6 kobolds
  A quokka (D:2)
  3 bats (D:1)
  3 frilled lizards
  7 goblins
  A quokka skeleton (D:4)
  8 rats
63 creatures vanquished.

Notes
Turn   | Place    | Note
-------+----------+-------------------------------------------
     0 | D:1      | Alarkh the Demonspawn Skald began the quest for the Orb.
     0 | D:1      | Reached XP level 1. HP: 16/16 MP: 3/3
    19 | D:1      | Reached skill level 2 in Axes
    27 | D:1      | Reached skill level 1 in Armour
   179 | D:1      | Gained mutation: You are slightly more attuned to the shadows. [demonic ancestry]
   179 | D:1      | Reached XP level 2. HP: 17/22 MP: 5/5
   893 | D:1      | Gained mutation: You are immune to rotting. [demonic ancestry]
   893 | D:1      | Reached XP level 3. HP: 15/27 MP: 6/6
  1111 | D:2      | Found a shimmering altar of Xom.
  1221 | D:2      | Found a shimmering altar of Xom.
  1292 | D:2      | Reached skill level 3 in Axes
  1588 | D:2      | Reached XP level 4. HP: 34/34 MP: 7/7
  2377 | D:3      | Noticed Sigmund
  2469 | D:4      | Gained mutation: You are significantly more attuned to the shadows. [demonic ancestry]
  2469 | D:4      | Reached XP level 5. HP: 40/40 MP: 8/8
  2483 | D:4      | Gained mutation: You are agile. (Dex +2) [potion of mutation]
  2483 | D:4      | Gained mutation: You are very agile. (Dex +4) [potion of mutation]
  2483 | D:4      | HP: 1/40 [orc wizard/magic dart (5)]
  2483 | D:4      | Slain by a worker ant

Vault maps used:
D:1:      evilmike_arrival_hilbert_curve
D:2:      overflow_temple_1_default, first_bread, xom_teletrap_fun
D:3:      overflow_temple_1_default, uniq_iyjb, uniq_sigmund
D:4:      kennysheep_mini_moat, enter_ossuary_3, kennysheep_big_empty_room,
          uniq_robin

Skill      XL: |  1  2  3  4  5 |
---------------+----------------+-----
Axes           | 2 3 |  3.6
Armour         | 1 2 |  2.0
Dodging        | 2 |  2.7
Fighting       | |  2.8
Spellcasting   | |  2.0
Charms         | |  2.6

Action                   |  1- 3 |  4- 6 || total
-------------------------+-------+-------++-------
Melee: Hand axe          |    93 |       ||    93
       War axe           |    33 |    46 ||    79
 Cast: Infusion          |     2 |     3 ||     5
  Use: Potion            |     2 |     5 ||     7
 Stab: Sleeping          |     8 |     3 ||    11
  Eat: Chunk             |     2 |     3 ||     5
Armor: Leather armour    |    37 |    17 ||    54
Dodge: Dodged            |   109 |    42 ||   151
